 Dungeon Sprint DCSS version 0.06-1-g1ca0b04cec (webtiles) character file.

Game seed: 12693085262366945130, levelgen mode: deterministic

49300000 petercordia the Axe Maniac (level 27, 253/273 HPs) Green Draconian Demonspawn. Began on June 16, 2022. Was the Champion of Makhleb. Got out of the dungeon alive. The game lasted 00:20:28 (493 turns).

petercordia the Axe Maniac (DrDs)                    Turns: 493, Time: 00:20:29

Health: 253/273    AC: 14    Str: 19    XL:     27
Magic:  54/54      EV: 47    Int: 13    God:    Makhleb [6* [200]]
Gold:   0          SH:  0    Dex: 33    Spells: 79/80 levels left

rFire    + + .     Slash    +   b - +∞ Axe of Woe
rCold    x x .     Pierce   x   (also wielding the above weapon)
rNeg     + . .     Bludgeon .   (armour unavailable)
rCorr    . . .     Vision   .   (helmet restricted)
rPois    +         Gourm    .   (no cloak)
rElec    .         Faith    .   (no gloves)
MR       ++...     Spirit   +   (no boots)
HPRegen  1.01/turn Reflect  .   (no amulet)
MPRegen  1.28/turn Harm     .   k - ring of fire Stlth ++++++++++NoTele +
                                f - ring of fire

@: slowed, very slow
A: big wings, horns 1, thin skeletal structure, deformed body 2, foul stench 2,
negative energy resistance 1, 50% torment resistance, magic shield, magic
regeneration, magic link, black mark, cold-blooded, rot immunity, boosted maces
& staves aptitude, strongly boosted long blades aptitude, boosted shields
aptitude, poison enhancer 2, rPois, draconic flesh, AC +14
a: Breathe Noxious Fumes, Fly, Minor Destruction, Lesser Servant of Makhleb,
Major Destruction, Greater Servant of Makhleb, Renounce Religion


You escaped.
You worshipped Makhleb.
Makhleb was exalted by your worship.
You were not hungry.

You visited 1 branch

Inventory:

Weapons
 a - a +0 war axe
 b - the +∞ Axe of Woe (weapon)
   (You found it in the Dungeon)
Jewellery
 f - a ring of fire (right hand)
 j - an uncursed ring of slaying
 k - a ring of fire (left hand)
 l - an uncursed ring of slaying
 m - an uncursed ring of slaying
 n - an uncursed ring of slaying
 o - an uncursed ring of slaying
 p - an uncursed ring of slaying
 q - an uncursed ring of slaying
Scrolls
 i - a scroll of blinking
Potions
 d - a potion of curing
 e - 2 potions of heal wounds
 g - 2 potions of magic
 h - a potion of berserk rage
Comestibles
 c - a ration


   Skills:
 O Level 27 Fighting
 O Level 27 Axes & Hammers
 O Level 27 Dodging
 O Level 27 Stealth
 O Level 27 Unarmed Combat
 O Level 27 Spellcasting
 O Level 27 Fire Magic
 O Level 27 Invocations


You had 79 spell levels left.
You knew the following spells:

 Your Spells              Type           Power        Failure   Level  Hunger
a - Flame Tongue          Fire           30 (30)      0%          1    0

Your spell library contained the following spells:

 Spells                   Type           Power        Failure   Level  Hunger
 Conjure Flame            Fire           100 (100)    0%          3    0
 Slow                     Hex            17 (100)     1%          1    0
 Blink                    Tloc           N/A          3%          2    0
 Call Imp                 Summ           17 (100)     3%          2    0
 Mephitic Cloud           Pois/Air       39 (100)     6%          3    0


Dungeon Overview and Level Annotations

Branches:
Dungeon (1/1)

Altars:
Makhleb


Innate Abilities, Weirdness & Mutations

Your lurid green scales are resilient. (AC +14)
You can breathe clouds of noxious fumes.
Your large and strong wings let you fly indefinitely.
You have a pair of horns on your head.
You have an unnaturally thin skeletal structure. (Stealth++, Dex +12)
You cannot wear any armour on your peculiar form.
You frequently emit foul miasma when damaged in melee.
You resist negative energy. (rN+)
You are somewhat able to resist unholy torments (1 in 2 success).
When hurt, damage is shared between your health and your magic reserves.
You regenerate magic rapidly.
When low on magic, you restore magic in place of health.
Your melee attacks may debilitate your foes.
You are cold-blooded and are slowed more easily by cold attacks.
You are immune to rotting.
You are naturally skilled at Maces & Staves (Aptitude +3).
You are naturally adept at Long Blades (Aptitude +5).
You are naturally skilled at Shields (Aptitude +3).
You are strongly in touch with the powers of venom.
Your lurid green scales grant you resistance to poison. (rPois)
Your scales resist being cut, but it�s oddly easy to stick a small blade between them. (rSlashing+, rPiercing-)


Message History

a +9 battleaxe x3 notify_dgn_event: Lua error: [string "global_prelude"]:208: Unknown spell name: 'dig' in 'dig.26.natural;confuse.52.natural;miasma_breath.26.natural;call_down_damnation .26.natural' Unknown command. notify_dgn_event: Lua error: [string "global_prelude"]:208: Unknown spell name: 'dig' in 'dig.26.natural;confuse.52.natural;miasma_breath.26.natural;call_down_damnation .26.natural' The tyrant shouts! notify_dgn_event: Lua error: [string "global_prelude"]:208: Unknown spell name: 'dig' in 'dig.26.natural;confuse.52.natural;miasma_breath.26.natural;call_down_damnation .26.natural' A bag of meat comes into view.
The tyrant waves her bony arms in wide circles.
The air twists around and strikes you (30)!!
There is a burning altar of Makhleb here. notify_dgn_event: Lua error: [string "global_prelude"]:208: Unknown spell name: 'dig' in 'dig.26.natural;confuse.52.natural;miasma_breath.26.natural;call_down_damnation .26.natural' You hear a shout!
Unknown command. notify_dgn_event: Lua error: [string "global_prelude"]:208: Unknown spell name: 'dig' in 'dig.26.natural;confuse.52.natural;miasma_breath.26.natural;call_down_damnation .26.natural'
There is a staircase leading out of the dungeon here.
Unknown command.
Are you sure you want to leave the Dungeon?
This will make you lose the game! notify_dgn_event: Lua error: [string "global_prelude"]:208: Unknown spell name: 'dig' in 'dig.26.natural;confuse.52.natural;miasma_breath.26.natural;call_down_damnation .26.natural' Magic restored.
You have escaped!

...........%)))....... ........
÷.#.........)))....... .......#
...#........#.)....†# .......
......#.....#)......# .....#
.†.#.....%###.))....###. .M...
.............).###...... .##
.......#......))_....... ...
.....#.......#.)...#.... ...
###..........#_.@._# . ...
#....#...%...#.....#.. #..
.......#.....L.._...... ...
............o..###...... .#.
..........###.......###..... ....
.......)....#.....%.#............
........))))#.......#..........%.
...#....)))).)).................%
..#.#.#..)))))..........#...#..%.


You could see a tyrant and a bag of meat (wandering).

Vanquished Creatures
  24 hell knights (D)
  Edmund (D)
  14 greater mummies (D)
  Harold (D)
  13 great orbs of eyes (D)
  25 vampire knights (D)
  18 liches (D)
  A hydra (D)
  17 skeletal warriors (D)
  14 two-headed ogres (D)
  52 ogres (D)
  159 orcs (D)
  14 large abominations (D)
  9 small abominations (D)
  33 crawling corpses (D)
395 creatures vanquished.

Vanquished Creatures (others)
  5 crawling corpses (D)
  8 giant blowflies (D)
13 creatures vanquished.

Grand Total: 408 creatures vanquished

Notes
Turn   | Place    | Note
-------+----------+-------------------------------------------
     0 | D        | Found the +∞ Axe of Woe
     0 | D        | petercordia the Immature Draconian Demonspawn began the
                  | quest for the Orb.
     0 | D        | Reached XP level 1. HP: 16/16 MP: 3/3
     1 | D        | Noticed a meat berserker
     4 | D        | Became a worshipper of Makhleb the Destroyer
     4 | D        | Noticed a meat berserker
     5 | D        | Noticed a bag of meat
     5 | D        | Noticed a meat berserker
     5 | D        | Noticed a bag of meat
     5 | D        | Noticed a meat berserker
     6 | D        | Killed a meat berserker
     6 | D        | Reached skill level 5 in Stealth
     6 | D        | Reached skill level 10 in Invocations
     6 | D        | Gained mutation: When hurt, damage is shared between your
                  | health and your magic reserves. [demonic ancestry]
     6 | D        | Reached XP level 2. HP: 23/23 MP: 4/8
     6 | D        | Reached XP level 3. HP: 28/28 MP: 4/9
     6 | D        | Gained mutation: You are immune to rotting. [demonic
                  | ancestry]
     6 | D        | Reached XP level 4. HP: 35/35 MP: 4/11
     6 | D        | Gained mutation: You have a pair of horns on your head.
                  | [demonic ancestry]
     6 | D        | Reached XP level 5. HP: 40/40 MP: 4/12
     6 | D        | Reached XP level 6. HP: 47/47 MP: 4/13
     6 | D        | Your scales start taking on a lurid green colour.
     6 | D        | Reached XP level 7. HP: 52/52 MP: 4/14
     6 | D        | Gained mutation: You resist negative energy. (rN+) [demonic
                  | ancestry]
     6 | D        | Gained mutation: Your lurid green scales grant you
                  | resistance to poison. (rPois) [Green Draconian growth]
     6 | D        | Gained mutation: You are strongly in touch with the powers
                  | of venom. [Green Draconian growth]
     6 | D        | Reached XP level 8. HP: 59/59 MP: 4/15
     6 | D        | Reached XP level 9. HP: 64/64 MP: 4/16
     6 | D        | Gained mutation: You are naturally skilled at Maces &
                  | Staves (Aptitude +3). [draconic bloodline]
     6 | D        | Reached XP level 10. HP: 71/71 MP: 4/17
     7 | D        | Noticed a bag of meat
     8 | D        | Killed a bag of meat
     8 | D        | Reached * piety under Makhleb
     8 | D        | Killed a meat berserker
     8 | D        | Reached skill level 15 in Dodging
     8 | D        | Reached XP level 11. HP: 79/79 MP: 4/20
     8 | D        | Noticed a meat berserker
     9 | D        | Killed a bag of meat
     9 | D        | Reached skill level 10 in Axes & Hammers
     9 | D        | Killed a meat berserker
     9 | D        | Reached ** piety under Makhleb
     9 | D        | Gained mutation: You are naturally skilled at Shields
                  | (Aptitude +3). [draconic bloodline]
     9 | D        | Gained mutation: You are somewhat able to resist unholy
                  | torments (1 in 2 success). [demonic ancestry]
     9 | D        | Reached XP level 12. HP: 89/89 MP: 5/22
     9 | D        | Noticed a meat berserker
    10 | D        | Killed a meat berserker
    10 | D        | Noticed a meat berserker
    11 | D        | Killed a bag of meat
    12 | D        | Killed a meat berserker
    12 | D        | Reached *** piety under Makhleb
    12 | D        | Reached skill level 15 in Invocations
    12 | D        | Gained mutation: You have an unnaturally thin skeletal
                  | structure. (Stealth++, Dex +12) [demonic ancestry]
    12 | D        | Gained mutation: You are strongly in touch with the powers
                  | of venom. [Green Draconian growth]
    12 | D        | Reached XP level 13. HP: 84/99 MP: 5/24
    12 | D        | Noticed a meat berserker
    12 | D        | Noticed a bag of meat
    13 | D        | Noticed a bag of meat
    13 | D        | Killed a meat berserker
    13 | D        | Reached skill level 5 in Fighting
    13 | D        | Reached skill level 10 in Fire Magic
    13 | D        | Noticed a bag of meat
    13 | D        | Noticed a bag of meat
    14 | D        | Killed a meat berserker
    14 | D        | Killed a meat berserker
    14 | D        | Reached **** piety under Makhleb
    14 | D        | Noticed a bag of meat
    14 | D        | Noticed a bag of meat
    15 | D        | Noticed a bag of meat
    15 | D        | Noticed a bag of meat
    15 | D        | Noticed a large bag of meat
    16 | D        | Noticed a large bag of meat
    16 | D        | Noticed a bag of meat
    16 | D        | Noticed a bag of meat
    16 | D        | Noticed a bag of meat
    16 | D        | Noticed a bag of meat
    16 | D        | Noticed a bag of meat
    16 | D        | Noticed a meat berserker
    17 | D        | Noticed a bag of meat
    17 | D        | Noticed a bag of meat
    17 | D        | Noticed a bag of meat
    17 | D        | Noticed a bag of meat
    17 | D        | Noticed a meat berserker
    18 | D        | Killed a bag of meat
    18 | D        | Gained mutation: You are naturally skilled at Long Blades
                  | (Aptitude +3). [draconic bloodline]
    18 | D        | Gained mutation: Your melee attacks may debilitate your
                  | foes. [demonic ancestry]
    18 | D        | Reached XP level 14. HP: 111/111 MP: 7/26
    18 | D        | Killed a bag of meat
    18 | D        | Killed a meat berserker
    18 | D        | Reached ***** piety under Makhleb
    18 | D        | Reached skill level 15 in Axes & Hammers
    18 | D        | Noticed a bag of meat
    18 | D        | Noticed a bag of meat
    18 | D        | Noticed a bag of meat
    19 | D        | Killed a bag of meat
    19 | D        | Killed a bag of meat
    19 | D        | Noticed a bag of meat
    19 | D        | Noticed a bag of meat
    19 | D        | Noticed a large bag of meat
    20 | D        | Killed a bag of meat
    20 | D        | Reached skill level 10 in Stealth
    20 | D        | Reached skill level 5 in Spellcasting
    20 | D        | Killed a bag of meat
    20 | D        | Killed a large bag of meat
    20 | D        | Killed a bag of meat
    20 | D        | Reached skill level 10 in Fighting
    20 | D        | Gained mutation: You are naturally adept at Long Blades
                  | (Aptitude +5). [draconic bloodline]
    20 | D        | Reached XP level 15. HP: 126/126 MP: 7/27
    20 | D        | Noticed a bag of meat
    20 | D        | Noticed a bag of meat
    21 | D        | Killed a bag of meat
    21 | D        | Killed a bag of meat
    21 | D        | Reached ****** piety under Makhleb
    21 | D        | Killed a bag of meat
    21 | D        | Killed a bag of meat
    21 | D        | Noticed a bag of meat
    21 | D        | Noticed a meat berserker
    21 | D        | Noticed a destroyer
    21 | D        | Noticed a bag of meat
    22 | D        | Noticed a destroyer
    22 | D        | Noticed a meat berserker
    22 | D        | Killed a bag of meat
    22 | D        | Killed a bag of meat
    22 | D        | Killed a large bag of meat
    22 | D        | Killed a bag of meat
    22 | D        | Noticed a meat berserker
    22 | D        | Noticed a bag of meat
    22 | D        | Noticed a bag of meat
    23 | D        | Killed a meat berserker
    23 | D        | Killed a bag of meat
    23 | D        | Reached XP level 16. HP: 144/144 MP: 6/29
    23 | D        | Killed a bag of meat
    23 | D        | Noticed a meat berserker
    23 | D        | Noticed a bag of meat
    23 | D        | Noticed a destroyer
    24 | D        | Killed a bag of meat
    24 | D        | Killed a destroyer
    24 | D        | Reached XP level 17. HP: 152/162 MP: 6/30
    24 | D        | Killed a bag of meat
    24 | D        | Noticed a meat berserker
    25 | D        | Noticed an eight-headed meat hydra
    25 | D        | Killed a bag of meat
    25 | D        | Killed a bag of meat
    25 | D        | Noticed a bag of meat
    25 | D        | Noticed a bag of meat
    26 | D        | Killed a large bag of meat
    26 | D        | Noticed a destroyer
    27 | D        | Killed a meat berserker
    28 | D        | Killed a bag of meat
    28 | D        | Killed a bag of meat
    28 | D        | Killed a meat berserker
    29 | D        | Killed a meat berserker
    29 | D        | Killed a meat berserker
    30 | D        | Killed a bag of meat
    30 | D        | Killed a destroyer
    30 | D        | Reached skill level 27 in Axes & Hammers
    30 | D        | Gained mutation: Your large and strong wings let you fly
                  | indefinitely. [Green Draconian growth]
    30 | D        | Reached XP level 18. HP: 199/199 MP: 2/31
    30 | D        | Noticed a meat berserker
    31 | D        | Noticed a sculptor of flesh
    31 | D        | Killed a bag of meat
    31 | D        | Killed a bag of meat
    31 | D        | Reached skill level 27 in Fighting
    32 | D        | Noticed a sculptor of flesh
    32 | D        | Killed a bag of meat
    32 | D        | Noticed a bag of meat
    33 | D        | Killed a bag of meat
    33 | D        | Noticed a sculptor of flesh
    33 | D        | Noticed a destroyer
    34 | D        | Noticed a bag of meat
    34 | D        | Noticed a large bag of meat
    35 | D        | Noticed a destroyer
    36 | D        | Killed a bag of meat
    36 | D        | Killed a bag of meat
    37 | D        | Killed a meat berserker
    38 | D        | Killed a destroyer
    38 | D        | Reached skill level 15 in Stealth
    38 | D        | Gained mutation: You may emit foul miasma when damaged in
                  | melee. [demonic ancestry]
    38 | D        | Reached XP level 19. HP: 207/207 MP: 2/34
    39 | D        | Killed a sculptor of flesh
    39 | D        | Noticed a bag of meat
    39 | D        | Noticed a bag of meat
    40 | D        | Killed a meat berserker
    40 | D        | Noticed a destroyer
    41 | D        | Noticed an accursed
    41 | D        | Killed a bag of meat
    41 | D        | Killed a sculptor of flesh
    41 | D        | Reached skill level 27 in Dodging
    41 | D        | Noticed a bag of meat
    41 | D        | Noticed a destroyer
    42 | D        | Killed a bag of meat
    42 | D        | Killed a sculptor of flesh
    42 | D        | Killed an eight-headed meat hydra
    43 | D        | Noticed an accursed
    43 | D        | Killed a bag of meat
    43 | D        | Noticed a destroyer
    44 | D        | Killed a destroyer
    44 | D        | Reached skill level 27 in Invocations
    44 | D        | Reached XP level 20. HP: 216/216 MP: 2/37
    44 | D        | Noticed a destroyer
    44 | D        | Noticed a meat berserker
    45 | D        | Killed a bag of meat
    45 | D        | Noticed a bag of meat
    46 | D        | Killed a destroyer
    46 | D        | Noticed a sculptor of flesh
    47 | D        | Killed a large bag of meat
    47 | D        | Killed a destroyer
    47 | D        | Reached skill level 27 in Stealth
    47 | D        | Reached XP level 21. HP: 223/224 MP: 2/38
    48 | D        | Noticed a bag of meat
    49 | D        | Killed a destroyer
    49 | D        | Reached skill level 27 in Fire Magic
    49 | D        | Killed a destroyer
    49 | D        | Gained mutation: You frequently emit foul miasma when
                  | damaged in melee. [demonic ancestry]
    49 | D        | Reached XP level 22. HP: 215/233 MP: 2/49
    49 | D        | Noticed a tyrant
    50 | D        | Killed a destroyer
    50 | D        | Reached skill level 27 in Spellcasting
    50 | D        | Noticed an accursed
    51 | D        | Killed a meat berserker
    54 | D        | Noticed an accursed
    54 | D        | Killed an accursed
    54 | D        | Reached skill level 27 in Unarmed Combat
    54 | D        | Reached XP level 23. HP: 240/240 MP: 4/54
    55 | D        | Noticed a tyrant
    56 | D        | Killed a sculptor of flesh
    56 | D        | Noticed a meat berserker
    56 | D        | Noticed a meat berserker
    58 | D        | Noticed a meat berserker
    58 | D        | Noticed a large bag of meat
    58 | D        | Noticed a sculptor of flesh
    59 | D        | Noticed a meat berserker
    59 | D        | Killed an accursed
    59 | D        | Reached XP level 24. HP: 249/249 MP: 4/54
    59 | D        | Noticed a destroyer
    61 | D        | Killed an accursed
    61 | D        | Killed a destroyer
    61 | D        | Gained mutation: You regenerate magic rapidly. [demonic
                  | ancestry]
    61 | D        | Reached XP level 25. HP: 244/257 MP: 5/54
    62 | D        | Noticed an accursed
    67 | D        | Killed a tyrant
    67 | D        | Killed a destroyer
    70 | D        | Killed a sculptor of flesh
    70 | D        | Gained mutation: When low on magic, you restore magic in
                  | place of health. [demonic ancestry]
    70 | D        | Reached XP level 26. HP: 266/266 MP: 10/54
    74 | D        | Noticed a tyrant
    77 | D        | Killed a tyrant
    78 | D        | Killed an accursed
    78 | D        | Reached XP level 27. HP: 273/273 MP: 12/54
    81 | D        | Noticed a tyrant
    84 | D        | Noticed a tyrant
    85 | D        | Noticed an accursed
    85 | D        | Killed an observer
    89 | D        | Killed a tyrant
    93 | D        | Killed an observer
   105 | D        | Noticed a sculptor of flesh
   105 | D        | Noticed a sculptor of flesh
   108 | D        | Killed a tyrant
   112 | D        | Killed an accursed
   114 | D        | Killed an accursed
   114 | D        | Killed an observer
   116 | D        | Noticed a fleshlord
   122 | D        | Killed a fleshlord
   123 | D        | Killed a sculptor of flesh
   129 | D        | Killed a sculptor of flesh
   131 | D        | Noticed a destroyer
   132 | D        | Noticed a destroyer
   132 | D        | Noticed a tyrant
   133 | D        | Noticed a destroyer
   134 | D        | Noticed a tyrant
   138 | D        | Noticed a tyrant
   138 | D        | Noticed a destroyer
   138 | D        | Noticed a tyrant
   139 | D        | Killed a destroyer
   139 | D        | Noticed a fleshlord
   141 | D        | Noticed a destroyer
   141 | D        | Noticed a fleshlord
   141 | D        | Noticed a sculptor of flesh
   144 | D        | Killed a destroyer
   144 | D        | Killed an observer
   144 | D        | Noticed a sculptor of flesh
   146 | D        | Killed a destroyer
   146 | D        | Killed a tyrant
   147 | D        | Killed a destroyer
   147 | D        | Killed a tyrant
   149 | D        | Noticed a sculptor of flesh
   149 | D        | Noticed a sculptor of flesh
   149 | D        | Killed an observer
   149 | D        | Noticed a sculptor of flesh
   150 | D        | Noticed The Servant
   150 | D        | Killed a destroyer
   150 | D        | Killed an observer
   150 | D        | Killed a fleshlord
   152 | D        | Killed a fleshlord
   154 | D        | Killed a tyrant
   154 | D        | Killed a tyrant
   156 | D        | Killed a sculptor of flesh
   156 | D        | Killed a sculptor of flesh
   158 | D        | Killed a sculptor of flesh
   159 | D        | Noticed a fleshlord
   162 | D        | Killed The Servant
   162 | D        | Killed a sculptor of flesh
   163 | D        | Killed a sculptor of flesh
   167 | D        | Killed a fleshlord
   169 | D        | Noticed an accursed
   181 | D        | Noticed a fleshlord
   184 | D        | Noticed a fleshlord
   185 | D        | Noticed a tyrant
   187 | D        | Noticed an accursed
   187 | D        | Noticed a fleshlord
   188 | D        | Noticed a tyrant
   190 | D        | Noticed a tyrant
   191 | D        | Noticed a fleshlord
   193 | D        | Killed a tyrant
   193 | D        | Noticed a fleshlord
   194 | D        | Killed a fleshlord
   194 | D        | Noticed a tyrant
   195 | D        | Noticed an accursed
   196 | D        | Killed a fleshlord
   196 | D        | Noticed an accursed
   198 | D        | Noticed a fleshlord
   199 | D        | Killed a fleshlord
   199 | D        | Killed a tyrant
   202 | D        | Killed a fleshlord
   203 | D        | Killed an observer
   203 | D        | Killed an observer
   205 | D        | Killed a fleshlord
   208 | D        | Killed an observer
   210 | D        | Killed a tyrant
   210 | D        | Noticed a destroyer
   212 | D        | Killed a destroyer
   216 | D        | Killed an accursed
   216 | D        | Killed an accursed
   217 | D        | Killed a tyrant
   217 | D        | Killed an observer
   220 | D        | Killed an accursed
   236 | D        | Noticed a destroyer
   238 | D        | Noticed a sculptor of flesh
   238 | D        | Noticed a tyrant
   239 | D        | Noticed a destroyer
   239 | D        | Noticed The Defiler
   240 | D        | Noticed a tyrant
   240 | D        | Noticed a fleshlord
   240 | D        | Noticed a destroyer
   241 | D        | Noticed a fleshlord
   242 | D        | Noticed a destroyer
   242 | D        | Noticed an accursed
   243 | D        | Noticed a fleshlord
   243 | D        | Killed a sculptor of flesh
   244 | D        | Killed a destroyer
   245 | D        | Killed a destroyer
   245 | D        | Killed a destroyer
   246 | D        | Noticed a tyrant
   248 | D        | Killed a fleshlord
   248 | D        | Killed a fleshlord
   249 | D        | Killed a fleshlord
   250 | D        | Noticed a fleshlord
   250 | D        | Killed a destroyer
   251 | D        | Killed The Defiler
   251 | D        | Killed a fleshlord
   251 | D        | Noticed a sculptor of flesh
   252 | D        | Noticed a fleshlord
   253 | D        | Noticed a destroyer
   255 | D        | Killed an observer
   255 | D        | Noticed a fleshlord
   257 | D        | Noticed a fleshlord
   260 | D        | Killed a destroyer
   260 | D        | Killed a tyrant
   261 | D        | Killed a fleshlord
   263 | D        | Killed a fleshlord
   264 | D        | Killed a fleshlord
   265 | D        | Killed a sculptor of flesh
   266 | D        | Killed a tyrant
   271 | D        | Killed an observer
   272 | D        | Killed a fleshlord
   276 | D        | Killed an accursed
   289 | D        | Killed a tyrant
   294 | D        | Killed an accursed
   309 | D        | Noticed a tyrant
   319 | D        | Noticed a sculptor of flesh
   325 | D        | Killed a tyrant
   325 | D        | Noticed a fleshlord
   326 | D        | Noticed an accursed
   326 | D        | Noticed a destroyer
   328 | D        | Killed a sculptor of flesh
   332 | D        | Killed a fleshlord
   335 | D        | Killed a destroyer
   335 | D        | Noticed a destroyer
   336 | D        | Noticed an accursed
   337 | D        | Killed an observer
   339 | D        | Killed a destroyer
   339 | D        | Noticed an accursed
   341 | D        | Noticed a fleshlord
   343 | D        | Noticed a fleshlord
   344 | D        | Noticed a sculptor of flesh
   345 | D        | Killed an accursed
   346 | D        | Noticed a tyrant
   346 | D        | Noticed a sculptor of flesh
   347 | D        | Killed an accursed
   347 | D        | Noticed a fleshlord
   349 | D        | Killed a fleshlord
   349 | D        | Killed a fleshlord
   350 | D        | Noticed a fleshlord
   351 | D        | Killed a fleshlord
   351 | D        | Killed a sculptor of flesh
   353 | D        | Killed an accursed
   355 | D        | Killed a fleshlord
   358 | D        | Killed a tyrant
   358 | D        | Killed a sculptor of flesh
   428 | D        | Noticed a destroyer
   430 | D        | Killed a destroyer
   437 | D        | Noticed a fleshlord
   446 | D        | Killed a fleshlord
   451 | D        | Noticed a fleshlord
   455 | D        | Killed a tyrant
   459 | D        | Killed a fleshlord
   479 | D        | Noticed a tyrant
   483 | D        | Noticed a tyrant
   484 | D        | Noticed an eight-headed meat hydra
   493 | D        | Got out of the dungeon alive.

Levels and vault maps discovered:
D:        meatsprint

Skill      XL: |  1  2  3  4  5  6  7  8  9 10 11 12 13 14 15 16 17 18 19 20 21 22 |
---------------+-------------------------------------------------------------------+-----
Axes & Hammers | 7 9 10 12 14 17 20 24 27 | 27.0
Dodging        | 13 15 17 18 19 20 21 22 23 26 27 | 27.0
Stealth        | 5 7 8 9 10 11 12 15 23 27 | 27.0
Spellcasting   | 2 3 4 5 23 27 | 27.0
Fire Magic     | 6 8 9 10 11 12 13 14 16 19 25 27 | 27.0
Invocations    | 10 12 13 15 16 17 19 22 27 | 27.0
Fighting       | 2 3 4 6 10 13 17 26 27 | 27.0
Unarmed Combat | 18 27 | 27.0

Action                   |  1- 3 |  4- 6 |  7- 9 | 10-12 | 13-15 | 16-18 | 19-21 | 22-24 | 25-27 || total
-------------------------+-------+-------+-------+-------+-------+-------+-------+-------+-------++-------
Melee: Executioner's axe |     1 |       |       |     5 |     8 |    14 |    10 |     7 |   177 ||   222
Invok: Minor Destruction |       |       |       |       |       |       |       |       |     3 ||     3
       Major Destruction |       |       |       |       |       |       |       |       |     2 ||     2
 Abil: Breathe Noxious F |       |       |       |       |       |       |       |       |     1 ||     1
  Use: Potion            |       |       |       |       |       |       |       |       |     1 ||     1
Armor: Skin              |       |       |       |       |       |     1 |     1 |     1 |    35 ||    38
Dodge: Dodged            |       |       |       |       |       |       |       |       |    53 ||    53
